 Dungeon Crawl Stone Soup version 0.28.0-45-g0d030f2227 (webtiles) character file.

Game seed: 8841419816426924063

240 sanboga the Shield-Bearer (level 6, -7/38 HPs)
             Began as a Gargoyle Fighter on Apr 21, 2022.
             Killed by divine providence
             ... invoked by an orc priest
              (8 damage)
             ... on level 3 of the Dungeon.
             The game lasted 00:01:48 (2203 turns).

sanboga the Shield-Bearer (Gargoyle Fighter)        Turns: 2203, Time: 00:01:49

Health: -7/38      AC: 16    Str: 28    XL:     6   Next: 8%
Magic:  6/6        EV:  7    Int:  8    God:
Gold:   93         SH:  4    Dex:  9    Spells: 5/5 levels left

rFire   . . .      SeeInvis .   a - +0 war axe
rCold   . . .      Faith    .   c - +0 buckler
rNeg    + . .      Spirit   .   e - +0 plate armour
rPois   ∞          Reflect  .   (no helmet)
rElec   +          Harm     .   (no cloak)
rCorr   .          Rampage  .   (no gloves)
Will    .....                   (no boots)
Stlth   ..........              (no amulet)
HPRegen 0.12/turn               h - +6 ring of strength
MPRegen 0.10/turn               (no ring)

@: mighty
A: sickness immunity, AC +4, negative energy resistance 1, electricity
resistance, torment resistance 1, petrification resistance
a: no special abilities


You were on level 3 of the Dungeon.
You visited 1 branch of the dungeon, and saw 3 of its levels.

You collected 93 gold pieces.

Inventory:

Hand Weapons
 a - a +0 war axe (weapon)
Armour
 c - a +0 buckler (worn)
 e - a +0 plate armour (worn)
Jewellery
 h - a +6 ring of strength (left hand)
Scrolls
 f - a scroll of blinking {unknown}
 g - 3 scrolls of identify {unknown}
 i - a scroll of fear {unknown}
Potions
 b - a potion of lignification {unknown}
 d - 2 potions of might
 j - a potion of curing {unknown}


   Skills:
 + Level 4.3 Fighting
 * Level 3.7 Axes
 + Level 4.3 Armour
 + Level 4.4 Shields


You had 5 spell levels left.
You didn't know any spells.
Your spell library contained the following spells:

 Spells                   Type           Power      Damage    Failure   Level
 Animate Skeleton         Necr           0%         N/A       100%        1
 Apportation              Tloc           0%         N/A       100%        1
 Sandblast                Erth           0%         2d4       100%        1
 Summon Small Mammal      Summ           0%         N/A       100%        1
 Passwall                 Tmut/Erth      0%         N/A       100%        2
 Conjure Flame            Conj/Fire      0%         6-21      100%        3
 Ignite Poison            Fire/Tmut/Pois 0%         N/A       100%        3
 Stone Arrow              Conj/Erth      0%         3d7       100%        3
 Sticky Flame             Conj/Fire      0%         2d3       100%        4


Dungeon Overview and Level Annotations

Branches:
Dungeon (3/15)

Altars:
Elyvilon


Innate Abilities, Weirdness & Mutations

You are immune to sickness and miasma.
Your stone body is resilient. (AC +4)
You are immune to poison.
You resist negative energy. (rN+)
You are resistant to electric shocks. (rElec)
You are resistant to unholy torment.
You are immune to petrification.


Message History

The orc priest hits you but does no damage.
You barely miss the orc priest. You closely miss the orc.
You block the orc's attack.
The orc priest hits you but does no damage. x2
The orc priest hits you with a +0 mace. The orc hits you but does no damage.
You slash the orc priest!
The orc priest is heavily wounded.
You barely miss the orc. You hit the orc priest.
The orc priest mumbles some strange prayers to Beogh against you.
Pain shoots through your body! The orc hits you but does no damage.
The orc priest calls down the wrath of Beogh upon you.
Pain shoots through your body!
You closely miss the orc priest.
The orc priest is heavily wounded.
You barely miss the orc priest. You slash the orc!
You kill the orc!
The orc priest mumbles some strange prayers to Beogh against you.
You barely resist.
The orc priest hits you but does no damage.
You barely miss the orc priest.
The orc priest is moderately wounded.
You slice the hobgoblin!!
You kill the hobgoblin!
You hit the orc priest.
The orc priest invokes the aid of Beogh against you.
Beogh smites you! You block the orc priest's attack.
The orc priest invokes the aid of Beogh against you.
Beogh smites you!
* * * LOW HITPOINT WARNING * * *
The orc priest hits you with a +0 mace.
* * * LOW HITPOINT WARNING * * *
You closely miss the orc priest.
The orc priest is severely wounded.
You closely miss the orc priest. You hit the endoplasm.
The endoplasm hits you but does no damage.
The orc priest hits you with a +0 whip.
* * * LOW HITPOINT WARNING * * *
The orc priest calls down the wrath of Beogh upon you.
Beogh smites you!
You die...

#.# ##..... .... #.#
##.... ..#.### #.#
####.. ....... #.#
#..... .......
#.#####..... .......
#.##.(...### ...<...
##..#.#..##
......o#####...<...##
.....oJ@.....#.##.##
......o##....(....####
$...... #..###.......#
.......
#.####..####.###
####### #.# #..##
#.... #.# #..### #####
#.###....# #....
#.#...##)###.###
.............#


You could see 2 orc priests, an orc and an endoplasm.

Vanquished Creatures
  Sigmund (D:2)
  3 adders
  A worm (D:2)
  3 dart slugs
  An orc (D:3)
  3 ball pythons (D:1)
  3 endoplasms
  2 giant cockroaches (D:2)
  7 goblins
  6 hobgoblins
  3 jackals
  A quokka (D:2)
  6 bats
  A frilled lizard (D:2)
  4 kobolds
  6 rats
51 creatures vanquished.

Notes
Turn   | Place    | Note
-------+----------+-------------------------------------------
     0 | D:1      | sanboga the Gargoyle Fighter began the quest for the Orb.
     0 | D:1      | Reached XP level 1. HP: 14/14 MP: 1/1
   169 | D:1      | Reached XP level 2. HP: 19/19 MP: 2/2
  1101 | D:2      | Reached XP level 3. HP: 21/23 MP: 3/3
  1204 | D:2      | Found a white marble altar of Elyvilon.
  1415 | D:2      | Reached XP level 4. HP: 29/29 MP: 4/4
  1700 | D:2      | Noticed Sigmund
  1703 | D:2      | Killed Sigmund
  1704 | D:2      | Reached XP level 5. HP: 32/33 MP: 5/5
  1993 | D:3      | Reached XP level 6. HP: 38/38 MP: 6/6
  2203 | D:3      | HP: 1/38 [orc priest/+0 whip (2)]
  2203 | D:3      | Killed from afar by an orc priest

Illustrated notes

Levels and vault maps discovered:
D:1:      dpeg_arrival_solitude, layout_basic, hangedman_decor_push,
          minmay_misc_feat_pillars, palyth_stone_intersect
D:2:      layout_loops_cross, wad_floor_pattern_untrapped, minmay_hexomino_r4,
          uniq_sigmund
D:3:      layout_rooms, hellmonk_ecumenical_altar_blasted,
          minmay_close_crescents, uniq_natasha

Skill      XL: |  1  2  3  4 |
---------------+-------------+-----
Axes           | 2 3 |  3.7
Fighting       | 4 |  4.3
Armour         | 4 |  4.3
Shields        | 4 |  4.4

Action                   |  1- 3 |  4- 6 || total
-------------------------+-------+-------++-------
Melee: War axe           |    82 |    46 ||   128
  Use: Potion            |       |     1 ||     1
Armor: Plate armour      |    85 |    35 ||   120
Dodge: Dodged            |    17 |    17 ||    34
Block: Buckler           |    17 |    10 ||    27
